 Dungeon Crawl Stone Soup version 0.28-a0-239-g68911e0c57 (webtiles) character file.

Game seed: 7641789032649760083

22 senseless the Ducker (level 2, 24/24 HPs)
             Began as a Demonspawn Monk on Aug 23, 2021.
             Was an Initiate of Ashenzari.
             Quit the game on level 1 of the Dungeon.
             The game lasted 00:01:34 (1307 turns).

senseless the Ducker (Demonspawn Monk)              Turns: 1307, Time: 00:01:34

Health: 24/24      AC:  3    Str: 11    XL:     2   Next: 68%
Magic:  2/2        EV: 13    Int: 11    God:    Ashenzari [......]
Gold:   27         SH:  0    Dex: 15    Spells: 1/1 levels left

rFire   . . .      SeeInvis .   a - +0 mace
rCold   . . .      Faith    .   (no shield)
rNeg    . . .      Spirit   .   b - +0 robe
rPois   .          Reflect  .   (no helmet)
rElec   .          Harm     .   d - +0 cloak
rCorr   .          Rampage  .   (no gloves)
Will    +....                   (no boots)
Stlth   ++........              (no amulet)
HPRegen 0.08/turn               e - ring of willpower
MPRegen 0.08/turn               (no ring)

@: no status effects
A: demonic magic 1
a: Renounce Religion, Curse Item


You were on level 1 of the Dungeon.
You worshipped Ashenzari.
Ashenzari was noncommittal.
You visited 1 branch of the dungeon, and saw 1 of its levels.

You collected 27 gold pieces.

Inventory:

Hand Weapons
 a - a +0 mace (weapon)
Armour
 b - a +0 robe (worn)
 d - a +0 cloak (worn)
Jewellery
 e - a ring of willpower (left hand)
Scrolls
 c - a scroll of enchant weapon


   Skills:
 + Level 3.2 Fighting
 + Level 3.0 Maces & Flails
 + Level 3.2 Dodging
 + Level 1.8 Stealth


You had one spell level left.
You didn't know any spells.
Your spell library was empty.

Dungeon Overview and Level Annotations

Branches:
Dungeon (1/15)

Altars:
Ashenzari


Innate Abilities, Weirdness & Mutations

Spells you cast may paralyse adjacent enemies.


Message History

No target in view!
There is a stone staircase leading down here.
Found a stone staircase leading down.
Found a chain mail.
No target in view!
A rat comes into view.
The rat closely misses you.
You hit the rat.
You kill the rat!
No target in view!
You see here 16 stones.
A jackal comes into view.
You closely miss the jackal.
The jackal barks!
The jackal bites you. The jackal closely misses you.
You barely miss the jackal. The jackal barely misses you. The jackal bites you.
You hit the jackal but do no damage. The jackal misses you.
You barely miss the jackal. The jackal closely misses you.
The jackal barely misses you.
You hit the jackal.
The jackal is severely wounded.
The jackal closely misses you. The jackal barely misses you.
You hit the jackal.
You kill the jackal!
No target in view!
Found 28 stones.
You see here 14 arrows.
Done exploring.
Search for what [Enter for "."]? .
You see here 14 arrows.
There is a faded altar of an unknown god here.
You see here a scroll of immolation.
You cannot tell which god this altar belongs to.
Convert to them anyway?
Ashenzari accepts your prayer! Ashenzari welcomes you!
Ashenzari invites you to partake of a vision and a curse of companions and ranged combat.
c - a scroll of enchant weapon Ashenzari warns you of distant threats and treasures.
Ashenzari reveals the structure of the dungeon to you.
Ashenzari shows you where magical portals lie.
Ashenzari prevents you from stumbling into unseen traps.
Ashenzari identifies your possessions.
Okay, then.
Are you sure you want to abandon this character and quit the game? (Confirm with "yes".)

########## #.#.# #.#
##........####.#.#####..
#..............#.......#
#.#.#..+#..##..####..###
#...##..##..............
#.......)......##....###
#.#..#..##.....##....###
#.......(..#............
#######......@.......##.##..##
#........[.#..#......##.....#
#.#####.....#..(.##..######.#
#.# #.#.........#..### #.# #†#
#.#..####..#..##.## #.# #.#
#......#...#....#.# #.# #.#
#.............##.## #.#
#.#####.#.##.##.#.#.##.# #.#
#.##.......#.####...##.# #.#


There were no monsters in sight!

Vanquished Creatures
  3 bats (D:1)
  A giant cockroach (D:1)
  A hobgoblin (D:1)
  3 jackals (D:1)
  A kobold (D:1)
  4 quokkas (D:1)
  3 ball pythons (D:1)
  3 rats (D:1)
19 creatures vanquished.

Notes
Turn   | Place    | Note
-------+----------+-------------------------------------------
     0 | D:1      | senseless the Demonspawn Monk began the quest for the Orb.
     0 | D:1      | Reached XP level 1. HP: 18/18 MP: 1/1
   423 | D:1      | Gained mutation: Spells you cast may paralyse adjacent
                  | enemies. [demonic ancestry]
   423 | D:1      | Reached XP level 2. HP: 24/24 MP: 2/2
   501 | D:1      | Found a faded altar of an unknown god.
  1306 | D:1      | Became a worshipper of Ashenzari the Shackled
  1307 | D:1      | Quit the game

Illustrated notes

Levels and vault maps discovered:
D:1:      dpeg_arrival_simpleton_a, layout_loops_ring,
          hellmonk_ecumenical_altar_blasted

Skill      XL: |  1  2 |
---------------+-------+-----
Dodging        | 3 |  3.2
Maces & Flails | 3 |  3.0
Fighting       | |  3.2
Stealth        | |  1.8

Action                   || total
-------------------------++-------
Melee: Mace              ||    71
 Stab: Sleeping          ||     1
Armor: Robe              ||    12
Dodge: Dodged            ||    56

Table legend: (Time is in decaauts)
 A = Elapsed time spent in this place.
 B = Non-inter-level travel time spent in this place.
 C = Inter-level travel time spent in this place.
 D = Time resting spent in this place.
 E = Time spent auto-exploring this place.
 F = Levels seen in this place.
 G = Mean time per level.
                   A        B        C        D        E       F      G
               +--------+--------+--------+--------+--------+-----+--------+
         Total |   1324 |   1303 |     21 |      0 |   1136 |   1 | 1324.0 |
       Dungeon |   1324 |   1303 |     21 |      0 |   1136 |   1 | 1324.0 |
               +--------+--------+--------+--------+--------+-----+--------+

Top non-repeatable levels by time:
     D:1: 1324 daAuts
